 Dungeon Crawl Stone Soup version 0.20.0-10-g0535bb4 (webtiles) character file.

3276 maniacrov the Quickloader (level 10, -9/64 HPs)
             Began as a Kobold Hunter on June 4, 2017.
             Was a Believer of Yredelemnul.
             Mangled by a vampire (13 damage)
             ... on level 9 of the Dungeon.
             The game lasted 00:33:51 (5360 turns).

maniacrov the Quickloader (Kobold Hunter)           Turns: 5360, Time: 00:33:52

Health: -9/64      AC:  9    Str: 12    XL:     10   Next: 20%
Magic:  20/20      EV: 19    Int: 12    God:    Yredelemnul [**....]
Gold:   418        SH:  0    Dex: 20    Spells: 9/9 levels left

rFire    + . .     SeeInvis .   a - +5 hand crossbow
rCold    . . .     Gourm    .   (shield restricted)
rNeg     + . .     Faith    .   E - +1 robe "Fenostio" {Str+3}
rPois    .         Spirit   .   c - +2 helmet
rElec    .         Reflect  .   (no cloak)
rCorr    .         Harm     .   h - +2 pair of gloves {archery}
MR       .....                  (no boots)
Stlth    +++.......             (no amulet)
Regen    0.6/turn               l - ring of positive energy
MPRegen  0.2/turn               B - ring of magical power

@: no status effects
A: hooves 2, carnivore 3, fire resistance 1, regeneration 1
a: Animate Remains, Recall Undead Slaves, Injury Mirror, Renounce Religion


You were on level 9 of the Dungeon.
You worshipped Yredelemnul.
Yredelemnul was pleased with you.
You were not hungry.

You visited 2 branches of the dungeon, and saw 10 of its levels.

You collected 443 gold pieces.
You paid 25 gold pieces to Gozag.

Inventory:

Hand Weapons
 a - a +5 hand crossbow (weapon)
 q - a +1 antimagic short sword
Missiles
 d - 29 bolts (quivered)
 u - 2 tomahawks
Armour
 b - a +2 helmet
 c - a +2 helmet (worn)
 h - a +2 pair of gloves of archery (worn)
 E - the +1 robe "Fenostio" (worn) {Str+3}
   (You found it on level 7 of the Dungeon)

   It affects your strength (+3).
Jewellery
 l - a ring of positive energy (left hand)
 x - a +5 ring of strength {unknown}
 y - a cursed ring of resist corrosion {unknown}
 B - a ring of magical power (right hand)
Wands
 v - a wand of clouds (5/9)
 w - a wand of confusion (26/48)
Scrolls
 k - a scroll of identify
 o - a scroll of fear {unknown}
 r - 3 scrolls of remove curse
 t - 3 scrolls of teleportation
 A - a scroll of blinking {unknown}
 C - a scroll of amnesia
 D - 2 scrolls of recharging
Potions
 e - a potion of berserk rage {unknown}
 g - a potion of cancellation {unknown}
 i - 2 potions of degeneration {unknown}
 j - a potion of might {unknown}
 m - 2 potions of flight {unknown}
 p - a potion of curing
 s - 2 potions of haste {unknown}
 z - a potion of agility {unknown}
Books
 n - a book of Debilitation

   Spells                             Type                      Level
   a - Corona                         Hexes                        1
   b - Slow                           Hexes                        2
   c - Inner Flame                    Hexes/Fire                   3
   d - Portal Projectile              Hexes/Translocation          3
   e - Cause Fear                     Hexes                        4
   f - Leda's Liquefaction            Hexes/Earth                  4
Comestibles
 F - a royal jelly


   Skills:
 + Level 7.8 Fighting
 + Level 0.6 Short Blades
 + Level 12.4 Crossbows
 + Level 1.4 Armour
 + Level 5.6 Dodging
 + Level 5.1 Stealth
 + Level 2.5 Invocations


You had 9 spell levels left.
You didn't know any spells.

Dungeon Overview and Level Annotations

Branches:
Dungeon (9/15)             Temple (1/1) D:5
   Lair: D:8-11         Orc: D:9-12

Altars:
Cheibriados
Dithmenos
Elyvilon
Fedhas
Gozag
Hepliaklqana
Makhleb
Nemelex Xobeh
Okawaru
Qazlal
Sif Muna
Trog
Uskayaw
Xom
Yredelemnul


Innate Abilities, Weirdness & Mutations

You are small and have problems with some larger weapons.
You are carnivorous and can eat meat at any time.
You have hoof-like feet.
Your flesh is heat resistant. (rF+)
Your natural rate of healing is unusually fast.


Message History

Something draws strength from your injuries!
Something hits you.
* * * LOW HITPOINT WARNING * * *
Something bites you.
* * * LOW HITPOINT WARNING * * *
You feel less confused. Something barely misses you.
Something bites you but does no damage.
You hear some strange, mumbled words.
Something tries to affect you, but you resist.
Something closely misses you. Something bites you!
* * * LOW HITPOINT WARNING * * *
Something draws strength from your injuries!
Firing (i - inventory. (,) - cycle):
d - 30 bolts (quivered)
Press: ? - help, Shift-Dir - straight line You shoot a bolt.
Something hits you but does no damage. Something barely misses you.
Something hits you!
* * * LOW HITPOINT WARNING * * *
Something bites you!
You die...
Your body rises from the dead as a mindless zombie.

... #....#......#.......
. #....#......#######'
#....#..............
#####....#...########...
.........#...#......####
####+#...#...#.........#
#...#...#.........#
#.{.#...#.........#
#.@.#...#.........#
#...#...#.........#
.....# #..........
.......# #......####
######### #......#...
#......'... .########...
............
............


There were no monsters in sight!

Vanquished Creatures
  Grinder (D:5)
  A dream sheep (D:4)
  A slime creature (D:5)
  A hippogriff (D:5)
  Edmund (D:6)
  2 eyes of draining (D:3)
  A black bear (D:8)
  A phantom (D:5)
  3 ogres
  3 big kobolds
  5 bullfrogs
  2 scorpions (D:8)
  A water moccasin skeleton (D:6)
  6 howler monkeys
  2 bullfrog zombies
  3 orc priests
  6 jellies (D:5)
  3 iguanas
  6 orc wizards
  A howler monkey zombie (D:6)
  A worker ant zombie (D:9)
  A howler monkey skeleton (D:9)
  9 adders
  3 gnolls
  A shadow imp (D:9)
  3 oozes (D:5)
  2 worms (D:3)
  3 leopard geckos
  17 orcs
  4 giant cockroaches
  10 goblins
  13 hobgoblins
  10 jackals
  3 quokkas
  A ball python (D:1)
  7 bats
  7 frilled lizards
  A giant cockroach zombie (D:6)
  21 kobolds
  A leopard gecko skeleton (D:6)
  4 rats
172 creatures vanquished.

Vanquished Creatures (collateral kills)
  An ice beast (D:7)
  A gnoll sergeant (D:7)
  A scorpion (D:9)
  An orc wizard (D:9)
  A gnoll (D:7)
  An adder (D:6)
  A quokka (D:6)
7 creatures vanquished.

Vanquished Creatures (others)
  4 dream sheep (D:4)
  A scorpion zombie (D:8)
  An iguana zombie (D:9)
  2 fungi (D:5)
  7 toadstools (D:5)
15 creatures vanquished.

Grand Total: 194 creatures vanquished

Notes
Turn   | Place    | Note
-------+----------+-------------------------------------------
     0 | D:1      | maniacrov the Kobold Hunter began the quest for the Orb.
     0 | D:1      | Reached XP level 1. HP: 12/12 MP: 1/1
    98 | D:1      | Reached skill level 5 in Crossbows
   249 | D:1      | Reached XP level 2. HP: 14/18 MP: 2/2
   687 | D:2      | Reached XP level 3. HP: 22/22 MP: 3/3
  1051 | D:2      | Found a bloodstained altar of Trog.
  1052 | D:2      | Found a hide-covered altar of Uskayaw.
  1053 | D:2      | Found a snail-covered altar of Cheibriados.
  1054 | D:2      | Found a deep blue altar of Sif Muna.
  1258 | D:2      | Reached XP level 4. HP: 18/27 MP: 4/4
  1426 | D:3      | Reached skill level 6 in Crossbows
  1762 | D:3      | Found a bloodstained altar of Trog.
  1762 | D:3      | Noticed an eye of draining
  1762 | D:3      | Noticed an eye of draining
  1767 | D:3      | Reached XP level 5. HP: 32/32 MP: 0/5
  1778 | D:3      | Killed an eye of draining
  1778 | D:3      | Reached skill level 7 in Crossbows
  1778 | D:3      | Reached XP level 6. HP: 37/37 MP: 0/6
  1779 | D:3      | Killed an eye of draining
  1989 | D:3      | Reached skill level 8 in Crossbows
  2118 | D:4      | Noticed a dream sheep
  2118 | D:4      | Noticed a dream sheep
  2118 | D:4      | Noticed a dream sheep
  2118 | D:4      | Noticed a dream sheep
  2118 | D:4      | Noticed a dream sheep
  2118 | D:4      | Found a shimmering altar of Xom.
  2121 | D:4      | Killed a dream sheep
  2121 | D:4      | Reached XP level 7. HP: 42/42 MP: 7/7
  2123 | D:4      | Killed a dream sheep
  2123 | D:4      | Killed a dream sheep
  2123 | D:4      | Killed a dream sheep
  2124 | D:4      | Killed a dream sheep
  2280 | D:4      | Found an opulent altar of Gozag.
  2305 | D:4      | Became a worshipper of Gozag Ym Sagoz the Greedy
  2537 | D:5      | Entered Level 5 of the Dungeon
  2584 | D:5      | Reached skill level 9 in Crossbows
  2647 | D:5      | Noticed a hippogriff
  2656 | D:5      | Killed a hippogriff
  2656 | D:5      | Reached XP level 8. HP: 10/48 MP: 8/8
  2659 | D:5      | Gained mutation: You are agile. (Dex +2) [potion of mutation]
  2659 | D:5      | Gained mutation: Your mind is acute. (Int +2) [potion of mutation]
  2659 | D:5      | Gained mutation: Your magical capacity is low. (-10% MP) [potion of mutation]
  2659 | D:5      | Gained mutation: You are robust. (+10% HP) [potion of mutation]
  2686 | D:5      | Reached skill level 5 in Fighting
  2686 | D:5      | Reached skill level 10 in Crossbows
  2721 | D:5      | Noticed Grinder
  2727 | D:5      | Killed Grinder
  3006 | D:5      | Noticed a slime creature
  3026 | D:5      | Killed a slime creature
  3026 | D:5      | Reached XP level 9. HP: 52/60 MP: 8/8
  3028 | D:5      | Reached skill level 11 in Crossbows
  3239 | D:5      | Found a staircase to the Ecumenical Temple.
  3258 | Temple   | Entered the Ecumenical Temple
  3308 | Temple   | Fell from the grace of Gozag
  3308 | Temple   | Became a worshipper of Yredelemnul the Dark
  3525 | D:6      | Noticed Edmund
  3541 | D:6      | Killed Edmund
  3678 | D:6      | Lost mutation: Your magical capacity is low. (-10% MP) [potion of mutation]
  3678 | D:6      | Lost mutation: You are robust. (+10% HP) [potion of mutation]
  3678 | D:6      | Lost mutation: Your mind is acute. (Int +2) [potion of mutation]
  3678 | D:6      | Lost mutation: You are agile. (Dex +2) [potion of mutation]
  3678 | D:6      | Gained mutation: Your movements are slightly less encumbered by armour. (ER -2) [potion of mutation]
  3678 | D:6      | Gained mutation: Your magical capacity is low. (-10% MP) [potion of mutation]
  3678 | D:6      | Gained mutation: You have large cloven feet. [potion of mutation]
  3679 | D:6      | Lost mutation: Your movements are slightly less encumbered by armour. (ER -2) [potion of mutation]
  3679 | D:6      | Lost mutation: Your magical capacity is low. (-10% MP) [potion of mutation]
  3679 | D:6      | Gained mutation: You have hoof-like feet. [potion of mutation]
  3679 | D:6      | Gained mutation: Your natural rate of healing is unusually fast. [potion of mutation]
  3679 | D:6      | Gained mutation: Your flesh is heat resistant. (rF+) [potion of mutation]
  3733 | D:6      | Reached * piety under Yredelemnul
  4036 | D:7      | Reached skill level 12 in Crossbows
  4110 | D:7      | Found an iron altar of Okawaru.
  4190 | D:7      | Got a faintly humming robe
  4201 | D:7      | Identified the +1 robe "Fenostio" {Str+3} (You found it on level 7 of the Dungeon)
  4260 | D:7      | Reached skill level 1 in Armour
  4679 | D:8      | Reached skill level 1 in Invocations
  4743 | D:8      | Reached skill level 5 in Dodging
  4760 | D:8      | Reached XP level 10. HP: 62/63 MP: 11/11
  4867 | D:8      | Reached skill level 5 in Stealth
  4997 | D:9      | Reached ** piety under Yredelemnul
  5344 | D:9      | HP: 2/64 [something/vampiric draining (2)]
  5360 | D:9      | Mangled by a vampire

Skill      XL: |  1  2  3  4  5  6  7  8  9 10 |
---------------+-------------------------------+-----
Crossbows      | 5 6 7 8 9 10 12 | 12.4
Fighting       | 3 4 5 7 |  7.8
Stealth        | 2 3 4 5 |  5.1
Dodging        | 3 5 |  5.6
Armour         | 1 |  1.4
Invocations    | 2 |  2.5
Short Blades   | |  0.6

Action                   |  1- 3 |  4- 6 |  7- 9 | 10-12 || total
-------------------------+-------+-------+-------+-------++-------
Melee: Short sword       |     2 |     2 |       |       ||     4
 Fire: Hand crossbow     |    76 |    77 |   212 |    65 ||   430
Invok: Animate Remains   |       |       |     6 |     1 ||     7
  Use: Scroll            |    10 |     5 |     7 |     1 ||    23
       Potion            |       |       |     4 |     4 ||     8
  Eat: Meat ration       |     1 |       |     1 |       ||     2
       Chunk             |       |       |     1 |       ||     1
       Royal jelly       |       |       |       |     1 ||     1
Armor: Leather armour    |     1 |       |     3 |       ||     4
       Robe              |     5 |     6 |    22 |    12 ||    45
Dodge: Dodged            |    34 |    17 |   107 |    45 ||   203
